 Dungeon Crawl Stone Soup version 0.28-a0-297-g99b01970c5 (webtiles) character file.

Game seed: 2555542470223538691

1019 EnegeticOcto the Magician (level 8, 0/58 HPs)
             Began as a Mummy Cinder Acolyte on Aug 29, 2021.
             Was a High Priest of Ignis.
             Slain by a red devil (18 damage)
             ... summoned by a kobold demonologist
             ... on level 6 of the Dungeon.
             The game lasted 00:14:59 (6221 turns).

EnegeticOcto the Magician (Mummy Cinder Acolyte)    Turns: 6221, Time: 00:15:00

Health: 0/58       AC:  4    Str: 18    XL:     8   Next: 2%
Magic:  16/17      EV: 11    Int: 15    God:    Ignis [*****.]
Gold:   363        SH:  0    Dex:  7    Spells: 15/19 levels left

rFire   . . .      SeeInvis .   u - +3 quarterstaff of Qywirisu {elec, rC++}
rCold   + + +      Faith    .   (shield currently unavailable)
rNeg    + + +      Spirit   .   b - +0 robe
rPois   ∞          Reflect  .   m - +1 hat
rElec   .          Harm     .   x - +0 cloak
rCorr   .          Rampage  .   (no gloves)
Will    +....                   (no boots)
Stlth   ++........              w - amulet of regeneration
HPRegen 1.19/turn               h - ring of wizardry
MPRegen 0.15/turn               (no ring)

@: no status effects
A: cold resistance 1, negative energy resistance 3, torment resistance 2, heat
vulnerability 1, no potions
a: Renounce Religion, Sea of Fire, Foxfire Swarm, Rising Flame


You were on level 6 of the Dungeon.
You worshipped Ignis.
Ignis was extremely pleased with you.
You visited 1 branch of the dungeon, and saw 6 of its levels.

You collected 363 gold pieces.

Inventory:

Hand Weapons
 a - a -1 falchion of flaming
 i - a +2 mace of pain
   (You found it on level 4 of the Dungeon)
 u - the +3 quarterstaff of Qywirisu (weapon) {elec, rC++}
   (You found it on level 5 of the Dungeon)

   It occasionally discharges a powerful burst of electricity upon striking a
   foe.
   rC:        It greatly protects you from cold.
Missiles
 p - 13 poisoned darts
Armour
 b - a +0 robe (worn)
 m - a +1 hat (worn)
   (You found it on level 4 of the Dungeon)
 n - a +2 scale mail of poison resistance
   (You found it on level 5 of the Dungeon)
 s - a +2 ring mail of cold resistance
   (You found it on level 5 of the Dungeon)
 x - a +0 cloak (worn)
   (You found it on level 6 of the Dungeon)
Jewellery
 h - a ring of wizardry (left hand)
   (You found it on level 3 of the Dungeon)
 v - an amulet of reflection
   (You found it on level 6 of the Dungeon)
 w - an amulet of regeneration (around neck)
   (You took it off an orc on level 6 of the Dungeon)
Wands
 q - a wand of flame (16) {@v4}
   (You found it on level 5 of the Dungeon)
 t - a wand of paralysis (10)
   (You found it on level 5 of the Dungeon)
Scrolls
 c - a scroll of holy word {unknown}
 d - a scroll of noise
 e - 3 scrolls of teleportation {@r3 !r}
 f - a scroll of blinking {@r4}
 g - a scroll of amnesia
 j - 2 scrolls of fear {!r}
 k - a scroll of enchant armour {unknown}
 l - 2 scrolls of vulnerability {unknown}
 o - 2 scrolls of fog {!r}
 r - a scroll of enchant weapon {unknown}


   Skills:
 - Level 3.0 Fighting
 - Level 4.0 Long Blades
 - Level 3.0 Stealth
 - Level 6.0 Spellcasting
 + Level 3.9 Conjurations
 - Level 2.0 Hexes
 - Level 1.0 Summonings
 - Level 1.0 Fire Magic


You had 15 spell levels left.
You knew the following spells:

 Your Spells              Type           Power      Damage    Failure   Level
b - Foxfire               Conj/Fire      44%        2x1d6     2%          1
c - Summon Guardian Gole  Hex/Summ       9%         N/A       10%         3

Your spell library contained the following spells:

 Spells                   Type           Power      Damage    Failure   Level
 Petrify                  Tmut/Erth      4%         N/A       47%         4
 Irradiate                Conj/Tmut      5%         3d15      56%         5
 Orb of Destruction       Conj           8%         9d4       100%        7
 Spellforged Servitor     Conj/Summ      5%         N/A       100%        7
 Sublimation of Blood     Necr           Unusable   N/A       N/A         2

Dungeon Overview and Level Annotations

Branches:
Dungeon (6/15)             Temple (0/1) D:5

Altars:


Innate Abilities, Weirdness & Mutations

You are immune to poison.
Your flesh is cold resistant. (rC+)
You are immune to negative energy. (rN+++)
You are immune to unholy pain and torment.
You are vulnerable to heat. (rF-)
You do not drink.


Message History

The bolt of electricity misses you. x2
Casting: Foxfire (safe; 2% risk of failure)
Confirm with . or Enter, or press ? or * to list all spells.
You conjure some foxfire!
Casting: Foxfire (safe; 2% risk of failure)
Confirm with . or Enter, or press ? or * to list all spells.
You conjure some foxfire!
Your foxfire dissipates!
You start resting.
Your guardian golem disappears in a puff of smoke!
Magic restored.
You enter the shallow water.
Moving in this stuff is going to be slow.
You see here a black bear corpse.
A kobold demonologist comes into view. It is wielding a +1 dagger of venom.
Found a scroll of identify.
The kobold demonologist shouts!
You hear a shout!
A kobold brigand comes into view.
It is wielding a +0 dagger and quivering poisoned darts.
Okay, then.
Casting: Foxfire (safe; 2% risk of failure)
Confirm with . or Enter, or press ? or * to list all spells.
A guardian golem appears, shielding your allies.
You swap places.
What are your orders? t - Shout!
Orders for allies: a - Attack new target. r - Retreat! s - Stop attacking. g - Guard the area. f - Follow me.
Anything else - Cancel.
Gang up on whom?
Press: ? - help, Dir - move target, f - kobold demonologist
Aim: a kobold demonologist, wielding a +1 dagger of venom and wearing a +0 robe Attack!
The kobold demonologist casts a spell.
You hear a shout!
You hear a shout!
The kobold demonologist mumbles some strange words.
The quasit bites your guardian golem but does no damage.
The quasit claws your guardian golem but does no damage. x2
The kobold demonologist hits your guardian golem but does no damage.
The quasit bites your guardian golem.
The quasit claws your guardian golem but does no damage. x2
The kobold demonologist hits your guardian golem with a +1 dagger of venom.
The quasit bites your guardian golem but does no damage.
The quasit claws your guardian golem but does no damage. x2
The kobold demonologist hits your guardian golem with a +1 dagger of venom.
The quasit bites your guardian golem but does no damage.
The quasit claws your guardian golem but does no damage. x2
The kobold demonologist hits your guardian golem with a +1 dagger of venom.
The quasit bites your guardian golem but does no damage.
The quasit claws your guardian golem but does no damage. x2
The quasit bites your guardian golem but does no damage.
The quasit claws your guardian golem but does no damage. x2
The kobold demonologist hits your guardian golem but does no damage.
The quasit bites your guardian golem.
The quasit claws your guardian golem but does no damage.
The quasit claws your guardian golem.
The kobold demonologist gestures wildly while chanting.
You hear a screech!
The quasit bites your guardian golem but does no damage.
The quasit completely misses your guardian golem.
The quasit claws your guardian golem but does no damage.
The kobold demonologist hits your guardian golem with a +1 dagger of venom.
The quasit bites your guardian golem but does no damage.
The quasit claws your guardian golem but does no damage. x2
The quasit bites your guardian golem but does no damage.
The quasit claws your guardian golem but does no damage. x2
The kobold demonologist hits your guardian golem with a +1 dagger of venom.
Your guardian golem overheats!
The quasit bites your guardian golem but does no damage.
The quasit claws your guardian golem but does no damage. x2
The kobold demonologist gestures wildly while chanting.
The quasit bites your guardian golem but does no damage.
The quasit claws your guardian golem but does no damage.
The quasit barely misses your guardian golem.
The soul eater misses you.
The kobold demonologist hits your guardian golem but does no damage.
The quasit bites your guardian golem but does no damage.
The quasit claws your guardian golem. Flame seeps out of your guardian golem.
The quasit claws your guardian golem but does no damage.
Your guardian golem is engulfed in blazing flames.
Flame seeps out of your guardian golem. The soul eater hits you.
The kobold demonologist hits your guardian golem but does no damage.
The quasit bites your guardian golem but does no damage.
The quasit claws your guardian golem but does no damage. x2
The red devil hits you from afar with a +0 trident!
Your guardian golem is engulfed in blazing flames.
Flame seeps out of your guardian golem. The soul eater closely misses you.
The quasit bites your guardian golem but does no damage.
The quasit claws your guardian golem but does no damage.
The quasit claws your guardian golem. Flame seeps out of your guardian golem.
The kobold demonologist hits your guardian golem but does no damage.
The red devil hits you from afar with a +0 trident!
The quasit bites your guardian golem but does no damage.
The quasit claws your guardian golem but does no damage. x2
The soul eater hits you!
The kobold demonologist hits your guardian golem with a +1 dagger of venom.
Flame seeps out of your guardian golem.
The red devil hits you from afar with a +0 trident!!
You die...

P# #.# ≈###.#
†....# P....#
.....# .....#
.....#############
.................#
....############@#
##### #3# #4# #.#
#9# #5K....KK
#########


You could see a soul eater (summoned), a kobold demonologist (ally target), a
red devil (summoned), a quasit (summoned) and a friendly guardian golem
(summoned, inner flame).

Vanquished Creatures
  An ogre (D:3)
  A black bear (D:6)
  2 water moccasin skeletons
  A centaur zombie (D:5)
  2 hounds (D:5)
  An orc priest (D:2)
  A centaur skeleton (D:6)
  4 orc wizards
  2 nameless horrors
  4 adders
  A shadow imp (D:6)
  An ufetubus (D:4)
  A worm (D:3)
  2 dart slugs
  8 orcs
  11 ball pythons
  9 endoplasms
  7 giant cockroaches
  4 goblins
  7 hobgoblins
  2 jackals (D:3)
  6 kobolds
  4 quokkas
  3 bats (D:2)
  7 frilled lizards
  7 rats
99 creatures vanquished.

Vanquished Creatures (collateral kills)
  A foxfire (D:6)
1 creature vanquished.

Vanquished Creatures (others)
  A black bear (D:4)
  2 ogres
  A hound (D:5)
  A centaur skeleton (D:5)
  An iguana (D:5)
  An adder (D:6)
  2 orcs (D:6)
  2 jackals (D:3)
  304 foxfires
  A fungus (D:1)
  8 plants (D:6)
324 creatures vanquished.

Grand Total: 424 creatures vanquished

Notes
Turn   | Place    | Note
-------+----------+-------------------------------------------
     0 | D:1      | EnegeticOcto the Mummy Cinder Acolyte began the quest for
                  | the Orb.
     0 | D:1      | Reached XP level 1. HP: 18/18 MP: 2/2
    74 | D:1      | Reached skill level 1 in Stealth
   296 | D:1      | Reached XP level 2. HP: 24/24 MP: 0/4
   462 | D:1      | Reached skill level 2 in Stealth
   704 | D:1      | Reached skill level 1 in Fire Magic
   938 | D:1      | Reached skill level 1 in Conjurations
   938 | D:1      | Reached XP level 3. HP: 29/29 MP: 2/5
  1400 | D:2      | Reached skill level 2 in Spellcasting
  1400 | D:2      | Reached skill level 3 in Long Blades
  1430 | D:2      | Reached XP level 4. HP: 35/35 MP: 7/7
  2501 | D:3      | Reached XP level 5. HP: 41/41 MP: 2/8
  2612 | D:3      | Noticed an ogre
  2618 | D:3      | Learned a level 3 spell: Summon Guardian Golem
  2628 | D:3      | Killed an ogre
  2629 | D:3      | Reached skill level 4 in Long Blades
  3220 | D:3      | Reached skill level 1 in Hexes
  3229 | D:3      | Reached skill level 1 in Summonings
  3229 | D:3      | Reached XP level 6. HP: 47/47 MP: 2/9
  3529 | D:4      | Reached skill level 3 in Spellcasting
  3529 | D:4      | Reached skill level 2 in Conjurations
  3529 | D:4      | Reached skill level 2 in Hexes
  4275 | D:4      | Reached skill level 4 in Spellcasting
  4327 | D:5      | Entered Level 5 of the Dungeon
  4373 | D:5      | Reached XP level 7. HP: 30/52 MP: 4/13
  4611 | D:5      | Found a staircase to the Ecumenical Temple.
  5207 | D:5      | Identified the +3 quarterstaff of Qywirisu {elec, rC++}
  5591 | D:6      | Reached skill level 3 in Stealth
  5591 | D:6      | Reached skill level 5 in Spellcasting
  5598 | D:6      | Reached skill level 3 in Conjurations
  6104 | D:6      | Reached skill level 6 in Spellcasting
  6104 | D:6      | Reached XP level 8. HP: 58/58 MP: 9/17
  6201 | D:6      | Noticed a kobold demonologist
  6215 | D:6      | Noticed a soul eater
  6218 | D:6      | Noticed a red devil
  6221 | D:6      | Slain by a red devil

Illustrated notes

Levels and vault maps discovered:
D:1:      dpeg_cavernosity, layout_rooms
D:2:      layout_loops_ring, minmay_surrounded, uniq_natasha
D:3:      layout_basic, minmay_statues_item
D:4:      layout_basic
D:5:      layout_basic, minmay_temple_entry_steel_oval
D:6:      layout_basic, serial_shops, nicolae_lakefront_shop,
          serial_bayou_lagoon_a

Skill      XL: |  1  2  3  4  5  6  7 |
---------------+----------------------+-----
Stealth        | 1 2 3 |  3.0
Fire Magic     | 1 |  1.0
Conjurations   | 1 2 3 |  3.9
Spellcasting   | 2 4 6 |  6.0
Long Blades    | 3 4 |  4.0
Hexes          | 1 2 |  2.0
Summonings     | 1 |  1.0
Fighting       | |  3.0

Action                   |  1- 3 |  4- 6 |  7- 9 || total
-------------------------+-------+-------+-------++-------
Melee: Falchion          |    40 |    82 |    12 ||   134
       Quarterstaff      |       |       |    17 ||    17
 Cast: Foxfire           |    33 |    85 |    40 ||   158
       Summon Guardian G |       |     8 |    11 ||    19
Invok: Foxfire Swarm     |     1 |     1 |       ||     2
  Use: Scroll            |     2 |     3 |     1 ||     6
 Stab: Sleeping          |     2 |     2 |     1 ||     5
Armor: Robe              |     9 |    21 |    11 ||    41
Dodge: Dodged            |    22 |    59 |    25 ||   106
Block: Other             |       |       |     5 ||     5

Table legend: (Time is in decaauts)
 A = Elapsed time spent in this place.
 B = Non-inter-level travel time spent in this place.
 C = Inter-level travel time spent in this place.
 D = Time resting spent in this place.
 E = Time spent auto-exploring this place.
 F = Levels seen in this place.
 G = Mean time per level.
                   A        B        C        D        E       F      G
               +--------+--------+--------+--------+--------+-----+--------+
         Total |   6243 |   6079 |    164 |    434 |   4393 |   6 | 1040.5 |
       Dungeon |   6243 |   6079 |    164 |    434 |   4393 |   6 | 1040.5 |
               +--------+--------+--------+--------+--------+-----+--------+

Top non-repeatable levels by time:
     D:1: 1202 daAuts
     D:3: 1197 daAuts
     D:5: 1181 daAuts
     D:2: 988 daAuts
     D:4: 953 daAuts
     D:6: 720 daAuts
